 Dungeon Crawl Stone Soup version 0.27.1-3-gb3d3a73c9e (webtiles) character file.

Game seed: 799015485334774291

29 TigerRab the Ruffian (level 3, 0/35 HPs)
             Began as a Troll Gladiator on Oct 16, 2021.
             Slain by a ball python (1 damage)
             ... on level 2 of the Dungeon.
             The game lasted 00:05:22 (1014 turns).

TigerRab the Ruffian (Troll Gladiator)              Turns: 1014, Time: 00:05:23

Health: 0/35       AC:  4    Str: 22    XL:     3   Next: 1%
Magic:  2/2        EV: 10    Int:  5    God:
Gold:   8          SH:  0    Dex: 11    Spells: 2/2 levels left

rFire    . . .     SeeInvis .     - Unarmed
rCold    . . .     Faith    .   (no shield)
rNeg     . . .     Spirit   .   a - +0 robe
rPois    .         Reflect  .   b - +0 hat
rElec    .         Harm     .   (no cloak)
rCorr    .         Rampage  .   (gloves unavailable)
Will     .....                  (boots unavailable)
Stlth    +.........             (no amulet)
HPRegen  1.11/turn              (no ring)
MPRegen  0.08/turn              (no ring)

@: lethally poisoned (0 -> -4)
A: large, unfitting armour, claws 3, regeneration 1, shaggy fur 1, tough skin 1
a: no special abilities


You were on level 2 of the Dungeon.
You visited 1 branch of the dungeon, and saw 2 of its levels.

You collected 8 gold pieces.

Inventory:

Missiles
 c - 3 throwing nets (quivered)
Armour
 a - a +0 robe (worn)
 b - a +0 hat (worn)
Scrolls
 e - 2 scrolls of identify {unknown}
Potions
 d - a potion of curing {unknown}


   Skills:
 + Level 1.7 Fighting
 + Level 1.9 Throwing
 + Level 2.9 Dodging
 + Level 3.5 Unarmed Combat


You had 2 spell levels left.
You didn't know any spells.
Your spell library was empty.

Dungeon Overview and Level Annotations

Branches:
Dungeon (2/15)

Altars:


Innate Abilities, Weirdness & Mutations

You are too large for most types of armour.
You have claws for hands.
Your natural rate of healing is unusually fast.
You are covered in fur. (AC +1)
You have tough skin. (AC +1)


Message History

The ball python bites you but does no damage.
The adder bites you but does no damage. The ball python barely misses you.
The adder bites you.
You are poisoned.
The adder poisons you!
The ball python bites you but does no damage.
The adder bites you.
You feel sick. The ball python bites you. The adder bites you.
You feel sick. The adder bites you. The ball python barely misses you.
You feel sick. The adder barely misses you. The ball python barely misses you.
The adder closely misses you. The ball python misses you.
You feel sick.
You are no longer poisoned.
The adder bites you but does no damage. The ball python barely misses you.
The adder closely misses you. The ball python bites you.
The adder bites you but does no damage. The ball python bites you.
The adder bites you but does no damage.
The ball python bites you but does no damage.
The adder barely misses you.
The ball python bites you but does no damage.
The adder bites you. The ball python closely misses you.
The adder bites you but does no damage. The ball python barely misses you.
The adder bites you but does no damage. The ball python bites you.
The adder bites you.
* * * LOW HITPOINT WARNING * * *
You are poisoned.
The adder poisons you!
You feel sick. The ball python bites you.
* * * LOW HITPOINT WARNING * * *
The adder bites you.
* * * LOW HITPOINT WARNING * * *
You are more poisoned.
The adder poisons you!
You feel sick. The adder misses you. The ball python bites you.
* * * LOW HITPOINT WARNING * * *
You feel sick. The adder bites you.
* * * LOW HITPOINT WARNING * * *
You are lethally poisoned!
The adder poisons you! The ball python bites you.
You die...

### ##..# #..# ####
#..# #.. #..#####
#.######......#
#.#######.#.#.........#
#....S@SS...'..........
###########.#.........#
#.###.####### #.# #...#
### #...# #...# #...#
#...# #...#


You could see an adder and 2 ball pythons.

Vanquished Creatures
  An adder (D:2)
  2 endoplasms (D:2)
  2 giant cockroaches (D:1)
  3 goblins (D:1)
  2 hobgoblins
  A quokka (D:2)
  4 bats
  2 frilled lizards (D:2)
  A kobold (D:1)
  2 rats (D:2)
20 creatures vanquished.

Notes
Turn   | Place    | Note
-------+----------+-------------------------------------------
     0 | D:1      | TigerRab the Troll Gladiator began the quest for the Orb.
     0 | D:1      | Reached XP level 1. HP: 19/19 MP: 0/0
    24 | D:1      | You fall into a shaft and drop 1 floor!
    28 | D:2      | Reached XP level 2. HP: 25/28 MP: 1/1
   919 | D:2      | Reached XP level 3. HP: 32/35 MP: 2/2
  1014 | D:2      | HP: 1/35 [adder (4)]
  1014 | D:2      | Slain by a ball python

Illustrated notes

Levels and vault maps discovered:
D:1:      lemuel_arrival_funnel, layout_basic
D:2:      layout_basic, basic_ecumenical_altar, serial_co_window_serial,
          co_window_paths_b, co_window_corner_a, co_window_of_opportunity_a,
          co_window_paths_a, co_window_of_opportunity_a, co_window_corner_b,
          co_window_broadway_a, co_window_corner_b, co_window_4corner_b,
          co_window_4corner_a, glass_columns_a, glass_columns_a,
          glass_columns_a, glass_columns_a, uniq_terence

Action                   || total
-------------------------++-------
Melee: Unarmed           ||    47
 Stab: Sleeping          ||     1
Armor: Robe              ||   175
Dodge: Dodged            ||   269
